 Dungeon Crawl Stone Soup version 0.23-a0-106-g63f3d0b (webtiles) character file.

230 emperorscorpion the Chopper (level 6, -7/56 HPs)
             Began as a Hill Orc Monk on Aug 20, 2018.
             Killed by divine providence
             ... invoked by an orc priest
              (14 damage)
             ... on level 3 of the Dungeon.
             The game lasted 00:05:13 (3736 turns).

emperorscorpion the Chopper (Hill Orc Monk)         Turns: 3736, Time: 00:05:14

Health: -7/56      AC:  9    Str: 12 (14) XL:     6   Next: 3%
Magic:  0/6        EV:  6    Int: 10      God:
Gold:   165        SH:  0    Dex: 13 (15) Spells: 5/5 levels left

rFire    . . .     SeeInvis .   a - +0 hand axe
rCold    . . .     Gourm    .   (no shield)
rNeg     . . .     Faith    .   w - +1 chain mail (curse)
rPois    .         Spirit   +   (no helmet)
rElec    .         Reflect  .   (no cloak)
rCorr    .         Harm     .   (no gloves)
MR       .....                  (no boots)
Stlth    ..........             p - amulet of guardian spirit
HPRegen  0.18/turn              (no ring)
MPRegen  0.10/turn              (no ring)

@: no status effects
A: no striking features
a: Convert to Beogh


You were on level 3 of the Dungeon.
You were not hungry.

You visited 1 branch of the dungeon, and saw 4 of its levels.

You collected 165 gold pieces.

Inventory:

Hand Weapons
 a - a +0 hand axe (weapon)
 b - a +0 spear
 g - a +0 whip
Missiles
 v - 3 javelins (quivered)
Armour
 j - a +0 ring mail
 s - a +0 robe
 w - a cursed +1 chain mail (worn)
Jewellery
 p - an amulet of guardian spirit (around neck)
Scrolls
 d - 3 scrolls of identify
 e - a scroll of amnesia
 q - a scroll of noise {unknown}
 t - a scroll of teleportation {unknown}
 u - a scroll of remove curse {unknown}
Potions
 i - a potion of degeneration
Comestibles
 c - 7 rations
 m - 6 chunks of flesh


   Skills:
 + Level 5.0 Fighting
 + Level 6.1 Axes
 + Level 2.4 Armour
 + Level 3.1 Dodging
 - Level 1.6 Stealth


You had 5 spell levels left.
You didn't know any spells.
Your spell library contained the following spells:

 Spells                   Type           Power        Failure   Level  Hunger
 Magic Dart               Conj           #...         100%        1    ##.....
 Blink                    Tloc           N/A          100%        2    ###....
 Call Imp                 Summ           #.......     100%        2    ###....
 Slow                     Hex            #.......     100%        2    ###....
 Conjure Flame            Conj/Fire      #.......     100%        3    ####...
 Mephitic Cloud           Conj/Pois/Air  #.......     100%        3    ####...


Dungeon Overview and Level Annotations

Branches:
Dungeon (4/15)
 Temple: D:4-7

Altars:
Makhleb
Sif Muna


Message History

You hit the worker ant.
The orc priest hits you but does no damage.
The worker ant bites you but does no damage.
You closely miss the orc priest.
The orc priest is lightly wounded.
You hit the worker ant. The orc priest barely misses you.
The worker ant bites you but does no damage.
You hit the orc priest but do no damage.
The orc priest is lightly wounded.
You barely miss the worker ant. The worker ant bites you.
* * * LOW HITPOINT WARNING * * *
The orc priest hits you but does no damage.
You hit the orc priest.
The orc priest shouts, "Surrender to Beogh and we'll let you live!"
The orc priest is moderately wounded.
You hit the worker ant but do no damage.
The worker ant bites you but does no damage.
The orc priest invokes the aid of Beogh against you.
Beogh smites you!
You die...

##...## ##.....## #.<...##
##.......## .......# #.........#
.......# #(....)...###########
.......# #.........#.........#
......## #.........#.........#
.......#####...................#
........#......o....##.........#
..........##....@a...###..######
#.....#.####.........###.##
##...##.####.........##..#
#######..............##.##
.....................##.#
##########..#.......###.# #
#...##.....###..######
#.#..####.## #.......# ###
###.#....##.####[[.....#


You could see a worker ant and an orc priest.

Vanquished Creatures
  A hound (D:2)
  An iguana (D:3)
  2 orc wizards (D:3)
  4 adders (D:3)
  An ooze (D:2)
  2 worms (D:3)
  A dart slug (D:2)
  2 leopard geckos (D:3)
  9 orcs
  A ball python (D:1)
  3 giant cockroaches
  5 hobgoblins
  4 jackals (D:2)
  6 kobolds
  4 quokkas
  8 bats
  A frilled lizard (D:3)
  6 goblins
  4 rats
65 creatures vanquished.

Notes
Turn   | Place    | Note
-------+----------+-------------------------------------------
     0 | D:1      | emperorscorpion the Hill Orc Monk began the quest for the Orb.
     0 | D:1      | Reached XP level 1. HP: 19/19 MP: 1/1
   498 | D:1      | Reached XP level 2. HP: 27/27 MP: 2/2
  1193 | D:2      | Reached XP level 3. HP: 8/33 MP: 1/3
  1638 | D:2      | Reached XP level 4. HP: 40/41 MP: 4/4
  1754 | D:2      | Reached skill level 5 in Axes
  2284 | D:2      | Reached skill level 1 in Armour
  2505 | D:3      | Reached XP level 5. HP: 28/47 MP: 3/5
  3224 | D:3      | Reached skill level 6 in Axes
  3336 | D:3      | Found a burning altar of Makhleb.
  3338 | D:3      | Noticed a cacodemon
  3366 | D:3      | Reached skill level 5 in Fighting
  3366 | D:3      | Reached XP level 6. HP: 56/56 MP: 6/6
  3388 | D:3      | Noticed a smoke demon
  3388 | D:3      | Noticed a smoke demon
  3657 | D:3      | Found a deep blue altar of Sif Muna.
  3720 | D:4      | HP: 2/56 [orc/vampiric falchion (2)]
  3736 | D:3      | Killed from afar by an orc priest

Vault maps used:
D:1:      arrival_zaba_pyramid
D:3:      led_sif_pool, makhleb_altar_promises_db
D:4:      vehumet_crystals, tgw_xom, lemuel_round_altar, first_ration

Skill      XL: |  1  2  3  4  5 |
---------------+----------------+-----
Fighting       | 4 5 |  5.0
Axes           | 5 6 |  6.1
Dodging        | 3 |  3.1
Armour         | 1 2 |  2.4
Stealth        | |  1.6

Action                   |  1- 3 |  4- 6 || total
-------------------------+-------+-------++-------
Melee: Hand axe          |   107 |   201 ||   308
  Use: Potion            |       |     8 ||     8
       Scroll            |       |     5 ||     5
 Stab: Sleeping          |     1 |       ||     1
  Eat: Chunk             |     2 |     7 ||     9
Armor: Robe              |     7 |       ||     7
       Ring mail         |    32 |    23 ||    55
       Chain mail        |       |    90 ||    90
Dodge: Dodged            |    87 |    83 ||   170

Table legend:
 A = Non-vault XP
 B = Vault XP
 C = Vault XP percentage of total XP
 D = Non-vault monster count
 E = Vault monster count
 F = Vault count percentage of total count
                 A         B        C        D         E       F
            +---------+---------+-------+---------+---------+-------
      Total |     329 |       0 |   0.0 |      65 |       0 |   0.0
            +---------+---------+-------+---------+---------+-------
        D:1 |      22 |       0 |   0.0 |      14 |       0 |   0.0
        D:2 |      89 |       0 |   0.0 |      23 |       0 |   0.0
        D:3 |     218 |       0 |   0.0 |      28 |       0 |   0.0
            +---------+---------+-------+---------+---------+-------
